 Dungeon Crawl Stone Soup version 0.30-a0-930-gb9d0489357 (webtiles) character file.

Game seed: 7395916211645071019

195 voltaire321 the Stinger (level 5, -1/33 HPs)
             Began as an Octopode Venom Mage on Mar 23, 2023.
             Succumbed to a kobold brigand's poison
             ... in a sewer.
             The game lasted 00:06:06 (2117 turns).

voltaire321 the Stinger (Octopode Venom Mage)       Turns: 2117, Time: 00:06:07

Health: -1/33      AC:  1    Str:  7    XL:     5   Next: 74%
Magic:  6/9        EV: 13    Int: 20    God:
Gold:   85         SH:  0    Dex: 12    Spells: 6/9 levels left

rFire   . . .      SeeInvis .    l - +1 hand axe (flame)
rCold   . . .      Faith    .    (no shield)
rNeg    . . .      Spirit   .    (helmet restricted)
rPois   .          Reflect  .    (no amulet)
rElec   .          Rampage  .    (no ring)
rCorr   .                        (no ring)
Will    .....                    (no ring)
Stlth   ++++                     (no ring)
HPRegen 0.25/turn                (no ring)
MPRegen 0.11/turn                (no ring)
                                 (no ring)
                                 (no ring)

@: lethally poisoned (-1 -> -4)
A: almost no armour, amphibious, 8 rings, camouflage 1, gelatinous body 1,
nimble swimmer 1, tentacles
a: no special abilities


You were in a sewer.
You visited 1 branch of the dungeon, and saw 3 of its levels.
You also visited: Sewer.

You collected 85 gold pieces.

Inventory:

Hand Weapons
 e - a +0 dagger
 g - a +0 rapier
 l - a +1 hand axe of flaming (weapon)
Magical Staves
 j - a staff of air
Jewellery
 n - a +6 ring of strength
 p - a ring of wizardry
Scrolls
 i - a scroll of poison {unknown}
 k - a scroll of silence {unknown}
Potions
 a - a potion of magic
 b - a potion of might {unknown}
 c - a potion of brilliance {unknown}
 d - a potion of lignification {unknown}
 f - 2 potions of curing
 h - a potion of attraction {unknown}
 m - a potion of mutation {unknown}
 o - a potion of degeneration {unknown}


   Skills:
 + Level 1.3 Fighting
 + Level 2.8 Dodging
 + Level 4.0 Stealth
 + Level 2.8 Spellcasting
 + Level 2.2 Transmutations
 + Level 1.5 Air Magic
 + Level 4.3 Poison Magic


You had 6 spell levels left.
You knew the following spells:

 Your Spells              Type           Power      Damage    Failure   Level
a - Sting                 Tmut/Pois      64%        1d6       3%          1
b - Poisonous Vapours     Pois/Air       28%        N/A       7%          2

Your spell library contained the following spells:

 Spells                   Type           Power      Damage    Failure   Level
 Passwall                 Tmut/Erth      5%         N/A       14%         2
 Static Discharge         Conj/Air       10%        2-3/arc   16%         2
 Mephitic Cloud           Conj/Pois/Air  10%        N/A       21%         3
 Blink                    Tloc           4%         N/A       22%         2
 Ensorcelled Hibernation  Hex/Ice        4%         N/A       22%         2
 Lesser Beckoning         Tloc           4%         N/A       22%         2
 Momentum Strike          Conj/Tloc      4%         3d8       22%         2
 Swiftness                Air            8%         N/A       24%         3
 Olgreb's Toxic Radiance  Pois           20%        N/A       24%         4
 Vhi's Electric Charge    Tloc/Air       10%        N/A       32%         3
 Arcjolt                  Conj/Air       2%         1d12      96%         5
 Plasma Beam              Fire/Air       2%         2x1d14    96%         5


Dungeon Overview and Level Annotations

Branches:
Dungeon (3/15)              Sewer (1/1)

Altars:


Innate Abilities, Weirdness & Mutations

You cannot wear most types of armour.
You are amphibious.
You can wear up to eight rings at the same time.
Your skin changes colour to match your surroundings (Stealth+).
Your rubbery body absorbs attacks. (AC +1, EV +1)
You are camouflaged when in or above water. (Stealth+)
You have tentacles for arms and can constrict up to eight enemies at once.


Message History

You feel very sick. The kobold closely misses you.
The kobold brigand hits you with a +0 dagger.
Things that are here:
a +0 club; 5 stones You hit the kobold brigand but do no damage.
Your grab misses the kobold brigand. You closely miss the kobold.
You feel very sick. The kobold completely misses you.
The kobold brigand barely misses you. The kobold closely misses you.
You barely miss the kobold brigand. Your grab misses the kobold brigand.
You squeeze the kobold brigand.
The kobold brigand is lightly wounded.
You barely miss the kobold.
You feel sick. The kobold brigand barely misses you.
The kobold splashes around in the water.
You barely miss the kobold brigand. You grab the kobold brigand.
The kobold brigand is lightly wounded.
You hit the kobold. You burn the kobold.
You constrict the kobold brigand, but do no damage.
You feel sick.
The kobold brigand completely misses you.
The kobold hits you with a +0 whip.
You hit the kobold brigand. You burn the kobold brigand.
The kobold brigand is moderately wounded.
You completely miss the kobold. You constrict the kobold brigand.
You feel sick.
The kobold brigand hits you with a +0 dagger!
* * * LOW HITPOINT WARNING * * *
The kobold closely misses you.
The kobold brigand hits you with a +0 dagger.
* * * LOW HITPOINT WARNING * * *
The kobold closely misses you.
You hit the kobold brigand. You burn the kobold brigand.
The kobold brigand is heavily wounded.
You hit the kobold. You burn the kobold.
You kill the kobold!
You hear a splash. x2
You constrict the kobold brigand.
You die...

##~~≈~~##
###############.~~≈~~.#
~~~~~~~~~~~~~)~~~~≈~..#
###############~~~≈~~~#
#~~~≈~~.# #~~~≈)~.#
#.~≈≈≈~.# #~~≈≈≈~~#
#.@≈≈≈~~# #~K)~~..#
#..~....# ####.#### ...
K... ...# ..#


You could see a kobold brigand.

Vanquished Creatures
  A scorpion (D:3)
  Jessica (D:2)
  3 gnolls (D:3)
  3 adders (D:3)
  A worm (D:3)
  2 dart slugs
  3 ball pythons
  5 endoplasms
  4 giant cockroaches
  4 goblins
  2 hobgoblins
  11 kobolds
  A quokka (D:3)
  3 bats
  4 frilled lizards
  8 rats
56 creatures vanquished.

Notes
Turn   | Place    | Note
-------+----------+-------------------------------------------
     0 | D:1      | voltaire321 the Octopode Venom Mage began the quest for the
                  | Orb.
     0 | D:1      | Reached XP level 1. HP: 11/11 MP: 3/3
   267 | D:1      | Reached XP level 2. HP: 17/17 MP: 1/5
  1300 | D:2      | Learned a level 2 spell: Poisonous Vapours
  1363 | D:2      | Reached XP level 3. HP: 13/21 MP: 4/6
  1590 | D:2      | Noticed Jessica
  1599 | D:2      | Killed Jessica
  1600 | D:2      | Reached XP level 4. HP: 27/27 MP: 3/7
  1775 | D:3      | Reached skill level 1 in Air Magic
  1814 | D:3      | Noticed a scorpion
  1828 | D:3      | Killed a scorpion
  1829 | D:3      | Reached skill level 1 in Fighting
  1829 | D:3      | Reached XP level 5. HP: 33/33 MP: 2/9
  1954 | D:3      | Found a glowing drain.
  1986 | Sewer    | Entered a sewer
  2082 | Sewer    | Noticed a kobold brigand
  2116 | Sewer    | HP: 1/33 [kobold brigand/+0 dagger (6)]
  2117 | Sewer    | Succumbed to a kobold brigand's poison

Illustrated notes

Levels and vault maps discovered:
D:1:      lightli_arrival_statuegarden, layout_basic
D:2:      cheibrodos_helix_gallery, layout_loops_ring, uniq_natasha,
          uniq_jessica
D:3:      layout_rooms, portal_sewer_entry_b,
          hellmonk_ecumenical_altar_the_god_not_taken, kennysheep_generic_room_9
Sewer:    sewer_kobolds

Skill      XL: |  1  2  3  4  5 |
---------------+----------------+-----
Stealth        | 3 4 |  4.0
Poison Magic   | 4 |  4.3
Air Magic      | 1 |  1.5
Fighting       | 1 |  1.3
Transmutations | 2 |  2.2
Dodging        | |  2.8
Spellcasting   | |  2.8

Action                     |  1- 3 |  4- 6 || total
---------------------------+-------+-------++-------
  Melee: Dagger            |     9 |       ||     9
         Unarmed           |     2 |       ||     2
         Constrict         |     3 |     8 ||    11
         Hand axe          |    14 |    40 ||    54
         Tentacles         |     2 |     8 ||    10
   Cast: Sting             |    31 |    28 ||    59
         Poisonous Vapours |       |     3 ||     3
    Use: Scroll            |       |     3 ||     3
   Stab: Sleeping          |     2 |       ||     2
 Armour: Skin              |     5 |     5 ||    10
  Dodge: Dodged            |    19 |    32 ||    51

Table legend: (Time is in decaauts)
 A = Elapsed time spent in this place.
 B = Non-inter-level travel time spent in this place.
 C = Inter-level travel time spent in this place.
 D = Time resting spent in this place.
 E = Time spent auto-exploring this place.
 F = Levels seen in this place.
 G = Mean time per level.
                   A        B        C        D        E       F      G
               +--------+--------+--------+--------+--------+-----+--------+
         Total |   2131 |   2085 |     46 |    163 |   1331 |   4 |  532.8 |
       Dungeon |   1998 |   1952 |     46 |    133 |   1276 |   3 |  666.0 |
         Sewer |    133 |    133 |      0 |     30 |     55 |   1 |  133.0 |
               +--------+--------+--------+--------+--------+-----+--------+

Top non-repeatable levels by time:
     D:1: 974 daAuts
     D:2: 760 daAuts
     D:3: 262 daAuts
   Sewer: 133 daAuts
